Map: Ultralove

Players

WindmillMan

  • Race: Protoss Protoss
  • League: Master
  • Spawn Location: 7:00

GamerRichy - Winner!

  • Race: Terran Terran
  • League: Master
  • Spawn Location: 1:00

VOD

Have the link to the VOD?

Description

Time

  • Played on: Jan. 31, 2025, 7:36 a.m.
  • Length: 7:46
Show
View Real Time Build Order
Export as new Build Order

WindmillMan Protoss 

Build Orders: 1 Gate Expand, Blink Stalkers 

Get SALT Encoding   

  12  0:02  Probe  
  13  0:14  Probe  
  14  0:19  Pylon  
  14  0:26  Probe  
  15  0:34  Probe  
  15  0:39  Gateway  
  16  0:42  Probe  
  16  0:48  Assimilator  
  17  0:52  Probe  
  18  1:04  Probe  
  19  1:22  Nexus  
  19  1:31  Cybernetics Core  
  19  1:34  Probe  
  20  1:40  Assimilator  
  20  1:46  Probe  
  21  1:51  Pylon  
  21  1:57  Stalker  
  21  1:58  Probe  
  22  2:10  Probe  
  22  2:11  Warp Gate  
  25  2:17  Stalker  
  26  2:22  Probe  
  28  2:34  Probe x2  
  30  2:38  Twilight Council  
  30  2:43  Sentry  
  30  2:46  Probe  
  30  2:48  Probe  
  34  2:54  Shield Battery  
  35  2:58  Probe  
  35  3:00  Probe  
  35  3:03  Blink  
  36  3:10  Probe  
  37  3:12  Probe  
  38  3:22  Probe  
  38  3:25  Probe  
  40  3:31  Gateway x2  
  40  3:38  Pylon  
  40  3:45  Probe x2  
  42  3:57  Probe  
  42  3:58  Probe  
  42  3:59  Stalker  
  46  4:03  Nexus  
  46  4:09  Probe  
  46  4:10  Probe  
  47  4:17  Pylon  
  49  4:28  Stalker x2  
  51  4:31  Stalker  
  51  4:37  Probe  
  50  4:48  Charge  
  50  4:49  Probe  
  50  4:52  Stalker x2  
  55  4:54  Probe  
  55  4:56  Robotics Facility  
  56  5:00  Stalker  
  56  5:02  Probe  
  56  5:06  Probe  
  60  5:14  Probe  
  61  5:16  Probe  
  61  5:18  Probe  
  61  5:25  Stalker x2  
  61  5:26  Stalker, Probe  
  68  5:28  Probe  
  68  5:30  Probe  
  68  5:34  Assimilator  
  70  5:36  Assimilator  
  70  5:38  Pylon, Probe  
  70  5:40  Probe  
  72  5:43  Probe  
  73  5:50  Probe  
  73  5:51  Robotics Bay  
  73  5:53  Probe  
  73  5:54  Forge  
  75  5:57  Zealot x2  
  75  6:01  Probe  
  75  6:02  Probe  
  75  6:04  Zealot  
  83  6:08  Probe  
  84  6:13  Probe  
  84  6:16  Pylon  
  84  6:17  Pylon  
  85  6:19  Gateway  
  85  6:25  Shield Battery  
  85  6:39  Zealot x3  
  79  6:58  Probe  
  79  6:59  Stalker  
  79  7:00  Stalker x2  
  76  7:02  Probe  
  77  7:15  Zealot  
  75  7:21  Probe  
  75  7:22  Probe  
  69  7:23  Zealot  
  69  7:24  Zealot  
  69  7:25  Zealot x2  
  64  7:31  Probe  
  64  7:33  Probe  
  64  7:34  Probe  
Show
View Real Time Build Order
Export as new Build Order

GamerRichy Terran - Winner!

Build Orders:  

Get SALT Encoding   

  12  0:00  SCV  
  13  0:12  SCV  
  14  0:17  Supply Depot  
  14  0:24  SCV  
  15  0:38  SCV  
  15  0:39  Barracks  
  16  0:44  Refinery  
  16  0:50  SCV  
  16  0:54  Refinery  
  17  1:02  SCV  
  18  1:14  SCV  
  19  1:25  Reaper  
  19  1:26  Orbital Command  
  19  1:28  Supply Depot  
  20  1:43  Factory  
  20  1:52  SCV  
  21  1:58  Reaper  
  22  2:04  SCV  
  23  2:16  SCV  
  23  2:18  Command Center  
  24  2:27  Hellion  
  24  2:28  SCV  
  27  2:30  Barracks Reactor  
  27  2:37  Supply Depot  
  27  2:41  SCV  
  28  2:48  Starport  
  30  2:51  Widow Mine  
  30  2:53  SCV  
  31  3:05  SCV  
  32  3:06  Marine x2  
  34  3:14  Widow Mine  
  34  3:17  SCV  
  37  3:29  SCV, Medivac, Marine x2  
  37  3:31  Orbital Command  
  42  3:38  Factory Tech Lab  
  42  3:43  Barracks  
  42  3:44  SCV  
  42  3:47  Marine  
  42  3:48  Marine  
  45  3:56  SCV  
  45  3:59  SCV, Siege Tank  
  50  4:08  SCV, Marine x2  
  53  4:11  SCV  
  53  4:15  Starport Tech Lab, Supply Depot  
  54  4:21  Supply Depot  
  54  4:28  Supply Depot  
  54  4:32  Engineering Bay  
  54  4:36  Marine x2  
  54  4:37  SCV x2  
  58  4:41  Starport Reactor  
  58  4:44  Barracks  
  58  4:49  SCV  
  58  4:50  Marine  
  58  4:51  Factory Tech Lab, Stimpack  
  60  4:53  SCV  
  60  4:54  Marine  
  60  4:55  Refinery  
  60  4:58  Terran Infantry Weapons Level 1  
  62  5:01  SCV  
  62  5:03  Marine  
  62  5:05  SCV  
  65  5:07  Marine  
  65  5:12  Marine  
  64  5:19  SCV  
  64  5:21  Marine  
  60  5:22  Barracks x2  
  60  5:23  Siege Tank  
  60  5:24  Refinery  
  60  5:26  Marine  
  60  5:27  Medivac  
  60  5:28  SCV  
  66  5:31  Combat Shield  
  66  5:33  Marine  
  66  5:34  Marine  
  68  5:39  Supply Depot  
  68  5:42  Supply Depot, Marine  
  69  5:46  Medivac, Marine  
  69  5:49  SCV  
  73  5:50  SCV  
  73  5:54  Supply Depot  
  73  5:56  Marine x2  
  76  6:00  Widow Mine  
  76  6:02  Medivac  
  80  6:06  Marine  
  80  6:07  Marauder  
  80  6:11  Supply Depot, Marine  
  84  6:13  Marine  
  84  6:16  Marine  
  84  6:18  Marine  
  86  6:22  Widow Mine  
  86  6:24  Marine  
  90  6:27  Marine  
  90  6:31  Marine x2  
  90  6:34  Marine  
  90  6:36  Marauder  
  90  6:39  Medivac  
  94  6:40  Liberator  
  94  6:42  Marine  
  94  6:46  Supply Depot, Marauder  
  100  6:48  Marine  
  100  6:49  Marine  
  92  6:57  Marine  
  92  6:58  Marauder  
  92  6:59  Marine  
  90  7:06  Marine  
  90  7:07  Marauder, Marine  
  92  7:08  Widow Mine  
  92  7:15  Marine  
  88  7:17  Marine  
  88  7:19  Marauder  
  91  7:24  Marine  
  91  7:25  Marine  
  91  7:28  Marine  
  95  7:41  Command Center  
Tags
 
Composition
Blink Stalkers
Matchup
PvT
Spawn Locations
Cross Positions
Add a new tag
Caveats
  • Supply blocks, unpowered buildings, or Contaminate may cause inaccurate times.
  • Supply counts are checked every 10 seconds.